AoeStats
← ngannv951

Arena

510116306Analyzed
1v1 RM · 2d ago on Sep 29, 2026· 53m 11s· 2 players
Game mode
Random Map
Map size
Tiny (2 player)
Population
200
Speed
Normal
Resources
Standard
Victory
Conquest
Starting age
Dark Age
Ending age
Imperial Age
RankedLock teamsTeams togetherTeam positionsShared explorationLock speedFull tech treeHidden civsTurbo modeCheats
Victory
Defeat
🇻🇳 Byzantines · Vietnam
694
+18
🇩🇪 Huns · Germany
727
-18
ngannv951
2:12 Loom
12:06 Feudal Age
12:45 Double-Bit Axe
18:19 Castle Age
18:37 Horse Collar
23:07 Bow Saw
26:20 Heavy Plow
27:15 Fletching
30:50 Wheelbarrow
33:39 Imperial Age
31:24 Pikeman
32:04 Squires
32:30 Padded Archer Armor
32:32 Scale Mail Armor
33:13 Gold Mining
33:13 Stone Mining
34:06 Forging
34:11 Chain Mail Armor
34:04 Scale Barding Armor
38:22 Halberdier
40:43 Stone Shaft Mining
40:43 Gold Shaft Mining
40:26 Hand Cart
42:49 Husbandry
42:17 Cavalier
42:24 Heavy Camel Rider
44:21 Chemistry
44:45 Two-Man Saw
44:18 Crop Rotation
44:15 Conscription
45:49 Iron Casting
45:44 Plate Mail Armor
45:34 Chain Barding Armor
45:10 Bodkin Arrow
45:30 Leather Archer Armor
Aurelius
2:20 Loom
9:51 Feudal Age
10:29 Double-Bit Axe
10:26 Horse Collar
15:39 Gold Mining
17:58 Castle Age
15:52 Gold Mining
16:20 Stone Mining
19:19 Bow Saw
19:11 Heavy Plow
20:25 Wheelbarrow
21:12 Gold Shaft Mining
21:26 Hand Cart
28:46 Scale Barding Armor
28:52 Forging
32:04 Imperial Age
31:06 Husbandry
31:16 Bloodlines
31:32 Chain Barding Armor
31:48 Iron Casting
33:49 Two-Man Saw
33:13 Conscription
32:14 Elite Tarkan
32:53 Cavalier
34:15 Plate Barding Armor
34:41 Blast Furnace
37:28 Paladin
Connection lost

Rejoining the realm…

Still unreachable

The connection could not be restored.

Session expired

The server has moved on; the page needs a fresh start.